 Dungeon Crawl Stone Soup version 0.21.1-1-g345015f (webtiles) character file.

3603 Monsterracer the Arsonist (level 9, -2/45 HPs)
             Began as a Deep Elf Fire Elementalist on June 7, 2018.
             Was a Follower of Vehumet.
             Slain by Joseph
             ... wielding a +0 quarterstaff
              (5 damage)
             ... on level 7 of the Dungeon.
             The game lasted 00:17:46 (6957 turns).

Monsterracer the Arsonist (DEFE)                    Turns: 6957, Time: 00:17:47

Health: -2/45      AC:  7    Str:  5    XL:     9   Next: 86%
Magic:  5/23       EV: 12    Int: 24    God:    Vehumet [*.....]
Gold:   266        SH:  0    Dex: 15    Spells: 6/25 levels left

rFire    . . .     SeeInvis .   a - +1 long sword (flame)
rCold    . . .     Gourm    .   (no shield)
rNeg     . . .     Faith    .   t - +2 leather armour {rPois}
rPois    +         Spirit   .   u - +0 helmet (curse)
rElec    .         Reflect  .   w - +0 cloak
rCorr    .         Harm     .   (no gloves)
MR       +....                  (no boots)
Stlth    ++........             (no amulet)
HPRegen  0.15/turn              i - ring of flight
MPRegen  0.18/turn              b - ring of protection from magic {!d}

@: no status effects
A: no striking features
a: Renounce Religion, Evoke Flight


You were on level 7 of the Dungeon.
You worshipped Vehumet.
Vehumet was aware of your devotion.
You were not hungry.

You visited 2 branches of the dungeon, and saw 8 of its levels.
You also visited: Bailey.

You collected 266 gold pieces.

Inventory:

Hand Weapons
 a - a +1 long sword of flaming (weapon)
Missiles
 z - 3 throwing nets (quivered)
Armour
 o - a +2 helmet
 t - a +2 leather armour of poison resistance (worn)
 u - a cursed +0 helmet (worn)
 w - a +0 cloak (worn)
Magical Staves
 q - an uncursed staff of earth
Jewellery
 b - a ring of protection from magic (right hand) {!d}
 i - a ring of flight (left hand)
Wands
 j - a wand of polymorph (14)
 n - a wand of enslavement (18)
Scrolls
 d - 3 scrolls of blinking
 h - 5 scrolls of teleportation
 l - a scroll of remove curse
 p - a scroll of amnesia
 r - a scroll of identify
 s - 3 scrolls of fog
 v - a scroll of magic mapping {!r}
Potions
 e - a potion of brilliance
 f - 4 potions of curing
 g - a potion of heal wounds
 k - 3 potions of agility
 m - a potion of might
Books
 y - a book of Air

   Spells                             Type                      Level
   a - Shock                          Conjuration/Air              1
   b - Swiftness                      Charms/Air                   2
   c - Static Discharge               Conjuration/Air              3
   d - Airstrike                      Air                          4
   e - Lightning Bolt                 Conjuration/Air              5
Comestibles
 c - 9 rations
 x - a chunk of flesh


   Skills:
 - Level 2.4 Dodging
 + Level 3.1 Stealth
 + Level 8.5 Spellcasting
 * Level 9.7 Conjurations
 + Level 2.1 Charms
 * Level 10.1 Fire Magic
 + Level 1.2 Air Magic


You had 6 spell levels left.
You knew the following spells:

 Your Spells              Type           Power        Failure   Level  Hunger
a - Flame Tongue          Conj/Fire      #####        1%          1    None
b - Conjure Flame         Conj/Fire      ######..     1%          3    None
c - Sticky Flame          Conj/Fire      ######..     1%          4    ##.....
d - Fireball              Conj/Fire      ######....   4%          5    ####...
e - Airstrike             Air            ###.......   52%         4    ##.....
u - Swiftness             Chrm/Air       ###.....     8%          2    None


Dungeon Overview and Level Annotations

Branches:
Dungeon (7/15)             Temple (1/1) D:6

Altars:
Ashenzari
Dithmenos
Elyvilon
Gozag
Kikubaaqudgha
Nemelex Xobeh
Qazlal
Sif Muna
Uskayaw
Vehumet
Wu Jian
Xom
Yredelemnul
The Shining One

Annotations:
D:7 Joseph


Message History

Aim: a jackal The flame tongue hits the jackal.
You kill the jackal!
Vehumet accepts your kill.
You now have 21/23 mp.
Casting: Flame Tongue
Confirm with . or Enter, or press ? or * to list all spells.
Aiming: Flame Tongue
Press: ? - help, Shift-Dir - straight line, f - jackal
Aim: a jackal The flame tongue hits the jackal.
The jackal is severely wounded.
You now have 20/23 mp.
Casting: Flame Tongue
Confirm with . or Enter, or press ? or * to list all spells.
Aiming: Flame Tongue
Press: ? - help, Shift-Dir - straight line, f/p - jackal
Aim: a jackal (severely wounded)
The flame tongue hits the jackal.
You kill the jackal!
Vehumet accepts your kill. The jackal bites you.
The jackal bites you but does no damage.
You take 1 damage, and have 26/45 hp.
You now have 19/23 mp.
Casting: Flame Tongue
Confirm with . or Enter, or press ? or * to list all spells.
Aiming: Flame Tongue
Press: ? - help, Shift-Dir - straight line, f - jackal
Aim: a jackal The flame tongue hits the jackal.
You kill the jackal!
Vehumet accepts your kill.
You feel your power returning.
Unknown command.
Casting: Flame Tongue
Confirm with . or Enter, or press ? or * to list all spells.
You can't see any susceptible monsters within range! (Use Z to cast anyway.) Unknown command.
Casting: Flame Tongue
Confirm with . or Enter, or press ? or * to list all spells.
You can't see any susceptible monsters within range! (Use Z to cast anyway.)
You see here a jackal corpse.
You butcher the jackal corpse.
x - 2 chunks of flesh Eat one of 2 chunks of flesh? (ye/n/q)
You eat one of the 2 chunks of flesh.
This raw flesh tastes terrible.
Joseph, a Mercenary comes into view.
He is wielding a quarterstaff.
Joseph shouts!
Joseph unwields an uncursed quarterstaff.
Joseph wields a hunting sling.
Joseph shoots a sling bullet.
The sling bullet hits you!
* * * LOW HITPOINT WARNING * * *
You see here a sling bullet.
You take 16 damage, and have 11/45 hp.
MASSIVE DAMAGE!!
Casting: Flame Tongue
Confirm with . or Enter, or press ? or * to list all spells.
Aiming: Conjure Flame
Press: ? - help, Dir - move target cursor The fire ignites!
Joseph shoots a sling bullet.
The sling bullet hits you!
* * * LOW HITPOINT WARNING * * *
You take 10 damage, and have 1/45 hp.
MASSIVE DAMAGE!!
You now have 18/23 mp.
A hound comes into view.
Joseph shoots a sling bullet.
The sling bullet closely misses you.
The hound barks!
Casting: Conjure Flame
Confirm with . or Enter, or press ? or * to list all spells.
Aiming: Fireball
Press: ? - help, Shift-Dir - straight line, f - hound
Aim: a hound The fireball explodes!
The fireball engulfs the hound.
You kill the hound!
Vehumet accepts your kill.
You now have 14/23 mp.
Unknown command.
Casting: Fireball
Confirm with . or Enter, or press ? or * to list all spells.
Aiming: Conjure Flame
Press: ? - help, Dir - move target cursor The fire ignites!
You now have 12/23 mp.
Casting: Conjure Flame
Confirm with . or Enter, or press ? or * to list all spells.
Aiming: Conjure Flame
Press: ? - help, Dir - move target cursor The fire ignites!
You now have 9/23 mp.
Casting: Conjure Flame
Confirm with . or Enter, or press ? or * to list all spells.
Aiming: Sticky Flame
Press: ? - help, Shift-Dir - straight line, f - Joseph
Aim: Joseph, wielding a hunting sling and wearing a leather armour (flame, moderately wounded)
The sticky flame hits Joseph.
Joseph is moderately wounded.
Joseph is covered in liquid flames!
Joseph burns!
Joseph is engulfed in blazing flames.
Joseph screams, "You must be punished!"
Joseph unwields an uncursed hunting sling.
Joseph wields an uncursed quarterstaff.
Joseph hits you with an uncursed quarterstaff.
You die...

##..# #. ##..## #.#
### ##..##
..######.####..##
....%..........###
#...##@....###..##
#...##......###..###
#..#.....†.#####..#
#.@#........# ##..
##.@§.......# ###
#..#.......# #
#(.#.......#
##.#.......#
#..#$.....#
#..#.....##
##.##....# #.. #..##


You could see Joseph (burning).

Vanquished Creatures
  The ghost of olivier the Blocker, a novice GnFi (D:7)
  The ghost of Tarasboulda the Poker, an amateur MfIE (D:5)
  Edmund (D:6)
  3 ice beasts (D:6)
  A sky beast (D:7)
  A black bear (D:5)
  4 phantoms
  A necrophage (D:5)
  An ogre (D:6)
  The ghost of diana the Slasher, an amateur DsGl (D:3)
  A big kobold (D:7)
  Blork the orc (D:6)
  3 bullfrogs
  3 gnoll sergeants (Bailey)
  2 scorpions (D:5)
  2 howler monkeys
  2 centaur zombies (D:5)
  6 hounds
  4 gnoll shamans (Bailey)
  A bullfrog zombie (D:6)
  An orc priest (D:3)
  An orc wizard (D:4)
  A centaur skeleton (D:5)
  Jessica (D:3)
  Terence (D:2)
  2 worker ants
  Natasha (thrice) (D:2)
  A worker ant zombie (D:5)
  17 gnolls
  11 adders
  2 shadow imps
  2 oozes
  2 adder skeletons
  A worm (D:2)
  2 leopard geckos
  15 orcs
  5 giant cockroaches
  10 goblins
  10 hobgoblins
  23 jackals
  2 quokkas
  A ball python (D:1)
  8 bats
  2 frilled lizards (D:1)
  A jackal skeleton (D:6)
  9 kobolds
  A leopard gecko skeleton (D:5)
  6 rats
181 creatures vanquished.

Notes
Turn   | Place    | Note
-------+----------+-------------------------------------------
     0 | D:1      | Monsterracer the Deep Elf Fire Elementalist began the quest for the Orb.
     0 | D:1      | Reached XP level 1. HP: 10/10 MP: 6/6
   213 | D:1      | Reached XP level 2. HP: 9/15 MP: 0/8
   683 | D:1      | Reached XP level 3. HP: 19/19 MP: 6/9
   696 | D:1      | Learned a level 3 spell: Conjure Flame
   979 | D:1      | Reached skill level 4 in Fire Magic
  1197 | D:2      | Found a shattered altar of Ashenzari.
  1198 | D:2      | Noticed Terence
  1232 | D:2      | HP: 5/19 [gnoll/halberd (14)]
  1235 | D:2      | Reached XP level 4. HP: 6/24 MP: 1/11
  1344 | D:2      | HP: 9/24 [Terence/hand axe (5)]
  1347 | D:2      | HP: 4/24 [Terence/hand axe (5)]
  1355 | D:2      | Killed Terence
  1673 | D:2      | Noticed Natasha
  1678 | D:2      | Killed Natasha
  1678 | D:2      | Reached XP level 5. HP: 18/28 MP: 8/13
  1684 | D:2      | Learned a level 4 spell: Sticky Flame
  1803 | D:2      | Noticed Natasha
  1808 | D:2      | Killed Natasha
  1993 | D:2      | Reached skill level 5 in Fire Magic
  2258 | D:2      | Noticed Natasha
  2262 | D:2      | Killed Natasha
  2713 | D:3      | Reached XP level 6. HP: 32/32 MP: 8/14
  2725 | D:3      | Learned a level 5 spell: Fireball
  3084 | D:3      | HP: 13/32 [miscasting Fireball (19)]
  3165 | D:3      | HP: 15/32 [orc priest/dagger (4)]
  3170 | D:3      | HP: 7/32 [gnoll/spear (1)]
  3270 | D:3      | HP: 15/32 [gnoll/spear (2)]
  3332 | D:3      | Noticed Jessica
  3336 | D:3      | Killed Jessica
  3723 | D:3      | Found a hide-covered altar of Uskayaw.
  3786 | D:3      | Noticed diana's ghost (amateur DsGl)
  3798 | D:3      | Killed diana's ghost
  3798 | D:3      | Reached skill level 5 in Spellcasting
  3798 | D:3      | Reached skill level 5 in Conjurations
  3798 | D:3      | Reached skill level 6 in Fire Magic
  3915 | D:4      | Reached XP level 7. HP: 32/36 MP: 13/16
  4032 | D:4      | HP: 16/36 [orc (3)]
  4043 | D:4      | HP: 16/36 [orc/dagger (2)]
  4099 | D:4      | HP: 15/36 [phantom (4)]
  4280 | D:5      | Entered Level 5 of the Dungeon
  4332 | D:5      | Reached skill level 7 in Fire Magic
  4417 | D:5      | Reached XP level 8. HP: 32/41 MP: 4/19
  4500 | D:5      | Found an opulent altar of Gozag.
  4597 | D:5      | Found a deep blue altar of Sif Muna.
  4599 | D:5      | Noticed Tarasboulda's ghost (amateur MfIE)
  4615 | D:5      | Killed Tarasboulda's ghost
  5117 | D:5      | Reached skill level 8 in Fire Magic
  5228 | D:6      | Noticed Edmund
  5254 | D:6      | Killed Edmund
  5343 | D:6      | Got a translucent chain mail
  5344 | D:6      | Identified the +7 chain mail of Adeefriv {rC+ Int+4} (You found it on level 6 of the Dungeon)
  5428 | D:6      | Noticed Blork the orc
  5434 | D:6      | Killed Blork the orc
  5549 | D:6      | Found a staircase to the Ecumenical Temple.
  5559 | Temple   | Entered the Ecumenical Temple
  5587 | Temple   | Became a worshipper of Vehumet
  5628 | D:6      | Reached XP level 9. HP: 45/45 MP: 15/22
  5656 | D:6      | Reached skill level 9 in Fire Magic
  6003 | D:7      | Found a shadowy altar of Dithmenos.
  6044 | D:7      | Noticed olivier's ghost (novice GnFi)
  6075 | D:7      | Killed olivier's ghost
  6289 | D:7      | Learned a level 2 spell: Swiftness
  6294 | D:7      | Learned a level 4 spell: Airstrike
  6445 | D:7      | Found a flagged portal.
  6455 | Bailey   | Entered a bailey
  6460 | Bailey   | Reached * piety under Vehumet
  6460 | Bailey   | Offered knowledge of Freeze by Vehumet.
  6465 | Bailey   | Reached skill level 10 in Fire Magic
  6465 | Bailey   | Reached skill level 1 in Charms
  6466 | Bailey   | HP: 17/45 [gnoll/halberd (10)]
  6570 | Bailey   | HP: 22/45 [gnoll shaman/spear (7)]
  6575 | Bailey   | HP: 9/45 [gnoll shaman/spear (5)]
  6732 | Bailey   | Reached skill level 1 in Air Magic
  6738 | Bailey   | HP: 17/45 [gnoll/trident (7)]
  6756 | Bailey   | HP: 18/45 [gnoll sergeant/glaive (2)]
  6765 | Bailey   | HP: 1/45 [gnoll sergeant/glaive (13)]
  6945 | D:7      | Noticed Joseph
  6945 | D:7      | HP: 11/45 [Joseph/sling bullet (16)]
  6946 | D:7      | HP: 1/45 [Joseph/sling bullet (10)]
  6957 | D:7      | Slain by Joseph

Skill      XL: |  1  2  3  4  5  6  7  8  9 |
---------------+----------------------------+-----
Conjurations   | 2 3 4 5 6 8 9 |  9.7
Fire Magic     | 4 5 6 7 8 10 | 10.1
Spellcasting   | 4 5 6 7 8 |  8.5
Charms         | 2 |  2.1
Stealth        | 3 |  3.1
Air Magic      | 1 |  1.2
Dodging        | |  2.4

Action                   |  1- 3 |  4- 6 |  7- 9 || total
-------------------------+-------+-------+-------++-------
Melee: Unarmed           |     7 |     3 |       ||    10
       Dagger            |     3 |     5 |    18 ||    26
       Long sword        |       |       |     5 ||     5
 Cast: Flame Tongue      |    66 |   105 |   219 ||   390
       Sticky Flame      |       |     9 |    13 ||    22
       Conjure Flame     |       |     2 |     8 ||    10
       Fireball          |       |       |    10 ||    10
Evoke: Wand              |       |       |     2 ||     2
  Use: Scroll            |       |     2 |    13 ||    15
  Eat: Chunk             |     1 |     9 |    10 ||    20
       Ration            |       |       |     1 ||     1
Armor: Robe              |     6 |     9 |     6 ||    21
       Skin              |       |     1 |       ||     1
       Leather armour    |       |       |    20 ||    20
Dodge: Dodged            |    37 |    26 |    78 ||   141
       Rpst.: Long sword |       |       |    16 ||    16

Vault maps used:
D:1:      moated_graveyard_arrival
D:2:      nicolae_ashenzari_panopticon, uniq_natasha, uniq_terence
D:3:      marbit_many_paths, minmay_misc_feat_room, uniq_jessica
D:4:      first_ration, hangedman_abyss_or_decor_lesser_grid
D:5:      grunt_gozag_statues, basic_altar
D:6:      temple_fountains, uniq_edmund, uniq_blork_the_orc
D:7:      overflow_temple_1_default, enter_bailey_8,
          nicolae_dithmenos_shadow_blocks, uniq_joseph
Temple:   regret_index_temple_mists
Bailey:   bailey_polearm_gnolls_kennysheep, bailey
